 Dungeon Crawl Stone Soup version 0.30-a0-870-gc5d4c5acee (webtiles) character file.

Game seed: 13435119043901292529

142360 Morbidden the Brawler (level 16, -6/156 HPs)
             Began as a Troll Fighter on Mar 11, 2023.
             Was the Champion of Cheibriados.
             Shot with an arrow by a naga sharpshooter (28 damage)
             ... on level 2 of the Snake Pit.
             The game lasted 00:50:33 (22928 turns).

Morbidden the Brawler (Troll Fighter)              Turns: 22928, Time: 00:50:34

Health: -6/156     AC: 30    Str: 43    XL:     16   Next: 80%
Magic:  0/22       EV: 10    Int: 25    God:    Cheibriados [******]
Gold:   1459       SH: 20    Dex: 26    Spells: 13/25 levels left

rFire   . . .      SeeInvis +      - Unarmed
rCold   + + +      Faith    .    W - +0 tower shield {rC+}
rNeg    . . .      Spirit   +    b - +9 ice dragon scales of Forking Paths {+Blink rPois rF- rC++}
rPois   .          Reflect  .    (helmet restricted)
rElec   .          Rampage  .    R - +2 cloak {rF+}
rCorr   .                        (gloves unavailable)
Will    +....                    (boots unavailable)
Stlth   +                        D - amulet of the Harvest {Spirit Dex+2 SInv}
HPRegen 1.26/turn                A - +4 ring of slaying
MPRegen 0.18/turn                O - +4 ring of protection

@: lethally poisoned (-6 -> -32), poison vulnerable, slowed, constricted,
studying Fighting, very slow
A: large, unfitting armour, claws 3, regeneration 1, shaggy fur 1, tough skin 1
a: Renounce Religion, Evoke Blink, Bend Time, Temporal Distortion, Slouch, Step
From Time


You were on level 2 of the Snake Pit.
You worshipped Cheibriados.
Cheibriados was exalted by your worship.
You visited 5 branches of the dungeon, and saw 25 of its levels.
You visited the Abyss 1 time.
You also visited: Ice Cave and Volcano.

You collected 2684 gold pieces.
You spent 1225 gold pieces at shops.

Inventory:

Missiles
 k - 2 silver javelins
 p - 46 stones (quivered)
 w - 6 silver boomerangs
 y - 25 poisoned darts
 E - 12 javelins
 F - 11 boomerangs
 K - 2 boomerangs of dispersal
 P - 51 large rocks
Armour
 b - the +9 ice dragon scales of Forking Paths (worn) {+Blink rPois rF- rC++}
   (You found it in an ice cave)

   rF:        It makes you vulnerable to fire.
   rC:        It greatly protects you from cold.
   rPois:     It protects you from poison.
   +Blink:    It lets you blink.
 c - a +0 cloak of poison resistance
 i - +0 fire dragon scales
 I - a scarf of resistance
 R - a +2 cloak of fire resistance (worn)
 S - a +3 troll leather armour {Snorg}
 W - a +0 tower shield of cold resistance (worn)
Jewellery
 o - a ring of resist corrosion
 t - a ring of see invisible
 A - a +4 ring of slaying (left claw)
 B - an amulet of magic regeneration
 D - the amulet of the Harvest (around neck) {Spirit Dex+2 SInv}
   (You found it on level 4 of the Dungeon)

   [amulet of guardian spirit]

   It causes incoming damage to be divided between your reserves of health and
   magic.
   Dex:       It affects your dexterity (+2).
   SInv:      It lets you see invisible.
 O - a +4 ring of protection (right claw)
Wands
 s - a wand of paralysis (2)
 u - a wand of digging (5)
 G - a wand of flame (16)
 L - a wand of acid (10)
 T - a wand of iceblast (29)
 Z - a wand of polymorph (2)
Scrolls
 a - a scroll of immolation
 d - a scroll of summoning
 f - 14 scrolls of identify
 g - 7 scrolls of enchant armour
 j - 2 scrolls of blinking
 r - 3 scrolls of poison
 v - 8 scrolls of teleportation
 x - 2 scrolls of magic mapping
 H - 2 scrolls of fear
 J - a scroll of amnesia
Potions
 e - a potion of heal wounds
 h - 2 potions of berserk rage
 l - 5 potions of curing
 m - 2 potions of magic
 n - 4 potions of flight
 q - a potion of invisibility
 C - 4 potions of lignification
 M - 7 potions of might
 V - 3 potions of cancellation
 X - 3 potions of mutation
 Y - a potion of ambrosia
Miscellaneous
 z - a phantom mirror
 Q - a box of beasts (inert)
 U - a tin of tremorstones (inert)


   Skills:
 * Level 9.3 Fighting
 * Level 7.5 Throwing
 * Level 7.6 Armour
 * Level 8.1 Dodging
 + Level 1.7 Stealth
 * Level 11.5 Shields
 * Level 15.2 Unarmed Combat
 * Level 5.0 Spellcasting
 * Level 5.8 Conjurations
 * Level 2.0 Translocations
 * Level 5.9 Fire Magic
 * Level 1.8 Air Magic
 * Level 6.4 Invocations
 * Level 5.3 Evocations


You had 13 spell levels left.
You knew the following spells:

 Your Spells              Type           Power      Damage    Failure   Level
a - Airstrike             Air            7%         2d(2-18)  94%         4
b - Iskenderun's Mystic   Conj/Tloc      26%        2d7       71%         4
c - Sticky Flame          Conj/Fire      35%        2d5       41%         4

Your spell library contained the following spells:

 Spells                   Type           Power      Damage    Failure   Level
 Shock                    Conj/Air       100%       1d9       11%         1
 Apportation              Tloc           32%        N/A       22%         1
 Flame Wave               Conj/Fire      35%        2d10      41%         4
 Dazzling Flash           Conj/Hex       42%        N/A       43%         3
 Inner Flame              Hex/Fire       21%        N/A       43%         3
 Necrotise                Necr           24%        1d5       45%         1
 Summon Small Mammal      Summ           24%        N/A       45%         1
 Ignite Poison            Fire/Tmut/Pois 16%        N/A       56%         3
 Swiftness                Air            15%        N/A       58%         3
 Ensorcelled Hibernation  Hex/Ice        12%        N/A       61%         2
 Passwall                 Tmut/Erth      5%         N/A       61%         2
 Passage of Golubria      Tloc           16%        N/A       92%         4
 Anguish                  Hex/Necr       3%         N/A       99%         4
 Cause Fear               Hex            3%         N/A       99%         4
 Silence                  Hex/Air        5%         N/A       100%        5
 Summon Forest            Summ/Tloc      5%         N/A       100%        5
 Yara's Violent Unravell  Hex/Tmut       3%         3d4       100%        5
 Eringya's Noxious Bog    Tmut/Pois      3%         N/A       100%        6
 Starburst                Conj/Fire      17%        6d6       100%        6
 Enfeeble                 Hex            3%         N/A       100%        7
 Summon Hydra             Summ           3%         N/A       100%        7
 Discord                  Hex            3%         N/A       100%        8
 Ignition                 Fire           18%        3d7       100%        8
 Lehudib's Crystal Spear  Conj/Erth      10%        10d4      100%        8


Dungeon Overview and Level Annotations

Branches:
Dungeon (15/15)            Temple (1/1) D:5            Lair (5/5) D:9
 Shoals (0/4) Lair:2        Snake (2/4) Lair:3        Slime (0/5) Lair:5
    Orc (2/2) D:10            Elf (0/3) Orc:2        Vaults (0/5) D:14
 Depths (0/4) D:15          IceCv (visited)         Volcano (visited)

Altars:
Ashenzari
Cheibriados
Dithmenos
Elyvilon
Fedhas
Gozag
Hepliaklqana
Kikubaaqudgha
Makhleb
Nemelex Xobeh
Okawaru
Qazlal
Ru
Sif Muna
Trog
Uskayaw
Vehumet
Wu Jian
Xom
Yredelemnul
Zin
The Shining One
Jiyva

Shops:
D:4 =   D:7 *   D:11 *   D:12 *   D:15 [   Orc:1 [   Orc:2 ??[*   Snake:1 :

Annotations:
D:8 exclusion: ugly thing
Lair:1 1 runed translucent door, Atotek's ghost, journeyman MeCA
Lair:5 3 runed translucent doors, Paint's ghost, journeyman DrTm
Orc:2 2 runed translucent doors, exclusion: orange crystal statue


Innate Abilities, Weirdness & Mutations

You are too large for most types of armour.
You have claws for hands.
Your natural rate of healing is unusually fast.
You are covered in fur. (AC +1)
You have tough skin. (AC +1)


Message History

The naga mage hits you but does no damage.
You block the naga's attack.
Unknown command.
Unknown command.
Unknown command.
Unknown command.
Unknown command.
Unknown command.
You feel much better.
You feel very sick.
* * * LOW HITPOINT WARNING * * *
You are more poisoned.
* * * LOW HITPOINT WARNING * * *
You are more poisoned.
* * * LOW HITPOINT WARNING * * *
You are more poisoned.
* * * LOW HITPOINT WARNING * * *
You are more poisoned.
The naga no longer looks unusually toxic.
The naga mage hits you but does no damage.
The naga mage constricts you.
The naga mage gestures at you while chanting.
The bolt of poison hits you but does no damage.
You are more poisoned.
The naga sharpshooter mumbles some strange words.
The naga sharpshooter magically shoots an arrow.
You block the arrow.
The naga sharpshooter gestures wildly while chanting.
The naga sharpshooter magically shoots a bolt.
The bolt hits you!
* * * LOW HITPOINT WARNING * * *
Your larval stingweird beast closely misses the naga mage.
Your larval stingweird beast stings the naga mage.
The naga ritualist spits poison at you. You block the splash of poison.
The naga mage points at the naga ritualist and mumbles some strange words.
The naga ritualist seems to grow toxic.
The naga mage constricts you. The naga closely misses you.
The naga sharpshooter shoots an arrow.
The arrow hits you!!
You die...

#....#.........#.
......$..........
#.....÷÷....÷...
#..........# ..
#.#.÷.....÷#...
###NN........
#NNN.......
#.))NH.....
###@N......
#####.#.. #


You could see 2 naga sharpshooters, 2 naga ritualists, 2 naga magi, a naga and a
friendly larval stingweird beast (summoned).

Vanquished Creatures
  2 azure jellies (IceCv)
  Nessos (Lair:4)
  A minotaur (Lair:1)
  2 ettins
  Snorg (Lair:4)
  A rakshasa (D:15)
  4 hydras
  Fannar (D:10)
  7 vault guards (D:14)
  2 ogre magi (Orc:2)
  9 centaur warriors
  2 catoblepae
  15 two-headed ogres
  A death knight (D:15)
  5 anacondas
  6 boulder beetles
  5 death yaks (Lair:3)
  A shock serpent (shapeshifter) (D:13)
  2 naga sharpshooters
  6 shock serpents
  Urug (D:10)
  3 skysharks
  Amaemon (D:10)
  2 deep trolls (Orc:2)
  8 skeletal warriors (D:13)
  4 naga ritualists
  A glowing orange brain (D:15)
  A wizard (D:15)
  3 orc knights
  2 orc sorcerers
  5 salamanders
  10 cyclopes
  6 mana vipers
  A cyclops (shapeshifter) (D:15)
  15 ugly things
  21 elephants
  35 black mambas
  A manticore (D:13)
  An eye of devastation (Lair:5)
  2 ice statues (IceCv)
  A gargoyle (D:11)
  An unseen horror (D:13)
  An efreet (D:9)
  An orange demon (D:10)
  8 cane toads
  An unseen horror (shapeshifter) (D:15)
  4 rime drakes
  2 tengu conjurers (D:13)
  10 komodo dragons
  2 ice devils (Lair:2)
  3 freezing wraiths (D:15)
  An ancient zyme (Abyss:2)
  7 polar bears
  15 trolls
  3 meliai (D:14)
  5 hornets
  A raiju (Abyss:2)
  7 dream sheep
  21 blink frogs
  A raiju (shapeshifter) (Abyss:2)
  14 spriggans (Lair:5)
  A jumping spider (shapeshifter) (D:15)
  2 vampires
  25 slime creatures
  2 shadows
  3 wraiths
  A wyvern (Lair:5)
  36 yaks
  A steam dragon (D:8)
  4 basilisks
  4 wargs
  4 nagas
  2 acid dragons
  A floating eye (Lair:5)
  3 hell hounds (Volcano)
  17 water moccasins
  12 orc warriors
  2 great orb of eyes simulacra (IceCv)
  2 ice beasts
  A sky beast (D:7)
  4 black bears
  29 wolves
  21 ogres
  4 boggarts (Lair:5)
  12 centaurs
  4 slime creature simulacra (IceCv)
  3 kobold brigands
  17 bullfrogs
  A glowing shapeshifter simulacrum (IceCv)
  2 scorpions (D:6)
  4 wights (D:6)
  Dowan (D:5)
  16 killer bees
  A vampire bat (D:15)
  3 howler monkeys (D:8)
  2 electric eels (Lair:2)
  A quasit (Abyss:2)
  Crazy Yiuf (D:4)
  4 hounds
  3 jellies
  15 orc priests
  An iron imp (D:8)
  2 gnoll boudas
  5 iguanas
  Natasha (D:3)
  12 orc wizards
  5 shapeshifter simulacra (IceCv)
  2 hell rats (Lair:3)
  Robin (D:3)
  4 adders
  3 gnolls
  11 river rats (Lair:3)
  A shadow imp (D:8)
  A white imp (D:6)
  An ufetubus (D:5)
  A worm (D:4)
  3 dart slugs
  53 orcs
  12 bats
  7 endoplasms
  A giant cockroach (D:1)
  9 hobgoblins
  5 jackals
  13 kobolds
  A quokka (D:3)
  5 ball pythons
  3 frilled lizards
  6 goblins
  5 rats
751 creatures vanquished.

Vanquished Creatures (collateral kills)
  Nikola (Snake:1)
  A death yak (Lair:3)
  Duvessa (D:5)
  A water moccasin (Lair:3)
4 creatures vanquished.

Vanquished Creatures (others)
  A centaur (Volcano)
  2 gnolls (D:8)
  A bush (Lair:2)
  29 fungi
  73 plants
106 creatures vanquished.

Grand Total: 861 creatures vanquished

Notes
Turn   | Place    | Note
-------+----------+-------------------------------------------
     0 | D:1      | Morbidden the Troll Fighter began the quest for the Orb.
     0 | D:1      | Reached XP level 1. HP: 22/22 MP: 0/0
   136 | D:1      | Reached XP level 2. HP: 29/29 MP: 1/1
   474 | D:1      | Reached XP level 3. HP: 34/36 MP: 2/2
  1391 | D:2      | Found a faded altar of an unknown god.
  1554 | D:3      | You fall into a shaft and drop 2 floors!
  1554 | D:5      | Entered Level 5 of the Dungeon
  1578 | D:5      | Reached XP level 4. HP: 35/45 MP: 3/3
  1585 | D:5      | Reached skill level 3 in Unarmed Combat
  1590 | D:5      | Found a staircase to the Ecumenical Temple.
  1598 | Temple   | Entered the Ecumenical Temple
  1827 | D:4      | Reached skill level 1 in Armour
  1827 | D:4      | Reached XP level 5. HP: 19/53 MP: 4/4
  1991 | D:4      | Found a basalt altar of Yredelemnul.
  1996 | D:4      | Found a broken altar of Ashenzari.
  2002 | D:4      | Identified the amulet of the Harvest {Spirit Dex+2 SInv}
  2033 | D:4      | Found a shadowy altar of Dithmenos.
  2109 | D:4      | Found a runed translucent door.
  2126 | D:4      | Identified the +0 pair of gloves "Dutitenu" {rPois}
  2282 | D:4      | Noticed Crazy Yiuf
  2339 | D:4      | Found Wumawkol's Jewellery Shop.
  2416 | D:4      | Killed Crazy Yiuf
  2417 | D:4      | Reached XP level 6. HP: 46/61 MP: 3/5
  2589 | D:3      | Noticed Robin
  2591 | D:3      | Reached skill level 4 in Unarmed Combat
  2601 | D:3      | Killed Robin
  2753 | D:3      | Noticed Natasha
  2759 | D:3      | Killed Natasha
  3346 | D:5      | Noticed a water moccasin
  3354 | D:5      | Killed a water moccasin
  3371 | D:5      | Reached skill level 5 in Unarmed Combat
  3371 | D:5      | Reached XP level 7. HP: 45/68 MP: 3/7
  3426 | D:5      | Noticed Dowan
  3427 | D:5      | Noticed Duvessa
  3447 | D:5      | Killed Duvessa
  3451 | D:5      | Reached skill level 1 in Spellcasting
  3453 | D:5      | Killed Dowan
  3659 | D:5      | Reached skill level 6 in Unarmed Combat
  3664 | D:5      | Learned a level 4 spell: Sticky Flame
  3892 | D:6      | Noticed a vampire
  3911 | D:6      | Killed a vampire
  3912 | D:6      | Reached XP level 8. HP: 56/78 MP: 5/8
  4260 | D:6      | Reached skill level 7 in Unarmed Combat
  4260 | D:6      | Reached skill level 1 in Conjurations
  4260 | D:6      | Reached skill level 1 in Fire Magic
  4515 | D:7      | Noticed a hornet
  4521 | D:7      | Killed a hornet
  4543 | D:7      | Found Daherhi's Assorted Antiques.
  4556 | D:7      | Reached XP level 9. HP: 84/84 MP: 7/10
  4580 | D:7      | Bought a scroll labelled IGAECI TAMOALA for 27 gold pieces
  4580 | D:7      | Bought a scroll labelled YMIHOXTEUZA for 27 gold pieces
  4580 | D:7      | Bought a bubbling white potion for 24 gold pieces
  4618 | D:7      | Reached skill level 5 in Shields
  4784 | D:7      | Reached skill level 1 in Throwing
  4929 | D:7      | Reached skill level 8 in Unarmed Combat
  5160 | D:8      | Found a snail-covered altar of Cheibriados.
  5180 | D:8      | Became a worshipper of Cheibriados the Contemplative
  5329 | D:8      | Found an ancient bone altar of Kikubaaqudgha.
  5475 | D:8      | Noticed a troll
  5494 | D:8      | Killed a troll
  5561 | D:8      | Reached skill level 1 in Stealth
  5854 | D:8      | Noticed a purple ugly thing
  6120 | D:9      | Noticed a seven-headed hydra
  6126 | D:9      | Reached * piety under Cheibriados
  6142 | D:9      | Noticed a cyclops
  6157 | D:9      | Noticed an efreet
  6162 | D:9      | Noticed a two-headed ogre
  6172 | D:9      | Killed an efreet
  6173 | D:9      | Reached skill level 1 in Invocations
  6173 | D:9      | Reached XP level 10. HP: 41/94 MP: 5/12
  6174 | D:9      | Killed a two-headed ogre
  6175 | D:9      | Reached skill level 1 in Evocations
  6180 | D:9      | Killed a cyclops
  6181 | D:9      | Reached skill level 9 in Unarmed Combat
  6236 | D:9      | Noticed a red ugly thing
  6237 | D:9      | Noticed a green ugly thing
  6237 | D:9      | Noticed a white ugly thing
  6249 | D:9      | Killed a white ugly thing
  6250 | D:9      | Killed a white ugly thing
  6251 | D:9      | Reached skill level 5 in Dodging
  6252 | D:9      | Killed a white ugly thing
  6524 | D:9      | Noticed a two-headed ogre
  6534 | D:9      | Killed a two-headed ogre
  6535 | D:9      | Reached skill level 5 in Fighting
  6662 | D:9      | Killed a seven-headed hydra
  6772 | D:9      | Reached XP level 11. HP: 102/102 MP: 13/13
  7027 | D:9      | Reached ** piety under Cheibriados
  7155 | D:9      | Found a staircase to the Lair.
  7440 | D:10     | Entered Level 10 of the Dungeon
  7481 | D:10     | Found a burning altar of Makhleb.
  7501 | D:10     | Reached skill level 10 in Unarmed Combat
  7605 | D:10     | Noticed Fannar
  7621 | D:10     | Killed Fannar
  7704 | D:10     | Noticed Urug
  7717 | D:10     | Killed Urug
  7910 | D:10     | Found a staircase to the Orcish Mines.
  7910 | D:10     | Noticed Amaemon
  7942 | D:10     | Killed Amaemon
  8072 | D:10     | Found a sparkling altar of Nemelex Xobeh.
  8246 | Lair:1   | Entered Level 1 of the Lair of Beasts
  8271 | Lair:1   | Reached *** piety under Cheibriados
  8555 | Lair:1   | Noticed a boulder beetle
  8574 | Lair:1   | Killed a boulder beetle
  8680 | Lair:1   | Reached XP level 12. HP: 111/111 MP: 15/15
  8682 | Lair:1   | Reached skill level 11 in Unarmed Combat
  8845 | Lair:1   | Found a runed translucent door.
  8845 | Lair:1   | Noticed Atotek's ghost (journeyman MeCA)
  8929 | Lair:1   | Found a runed translucent door.
  9396 | Lair:1   | Noticed a minotaur
  9401 | Lair:1   | Killed a minotaur
  9638 | Lair:2   | Found a frozen archway.
  9659 | IceCv    | Entered an ice cave
  9680 | IceCv    | Reached **** piety under Cheibriados
 10079 | IceCv    | Found a viscous altar of Jiyva.
 10079 | IceCv    | Noticed an azure jelly
 10093 | IceCv    | Killed an azure jelly
 10094 | IceCv    | Reached skill level 5 in Armour
 10095 | IceCv    | Noticed an azure jelly
 10107 | IceCv    | Killed an azure jelly
 10108 | IceCv    | Reached skill level 5 in Throwing
 10115 | IceCv    | Identified the +9 ice dragon scales of Forking Paths
                  | {+Blink rPois rF- rC++}
 10119 | IceCv    | Got the ring "Fur Toy" {Ice rN+}
 10244 | Lair:2   | Found a staircase to the Shoals.
 10265 | Lair:2   | Reached ***** piety under Cheibriados
 11137 | D:4      | Bought a +4 ring of slaying for 858 gold pieces
 11336 | D:8      | Reached XP level 13. HP: 113/120 MP: 15/17
 11792 | Lair:3   | Reached skill level 12 in Unarmed Combat
 11847 | Lair:3   | Found a staircase to the Snake Pit.
 12112 | Lair:3   | Reached ****** piety under Cheibriados
 12952 | Lair:4   | Noticed Nessos
 12959 | Lair:4   | Killed Nessos
 13236 | Lair:4   | Noticed Snorg
 13281 | Lair:4   | Killed Snorg
 13740 | Lair:5   | Entered Level 5 of the Lair of Beasts
 13821 | Lair:5   | Reached XP level 14. HP: 92/131 MP: 10/18
 13918 | Lair:5   | Found a viscous altar of Jiyva.
 13920 | Lair:5   | Found a staircase to the Slime Pits.
 13973 | Lair:5   | Reached skill level 13 in Unarmed Combat
 14046 | Lair:5   | Reached skill level 5 in Invocations
 14251 | Lair:5   | Identified the amulet "Guyfivew" {Faith rElec Will- SInv}
 14311 | Lair:5   | Paralysed by a floating eye for 3 turns
 14699 | Lair:5   | Found a runed translucent gate.
 14700 | Lair:5   | Found a runed translucent gate.
 14701 | Lair:5   | Found a runed translucent gate.
 14726 | Lair:5   | Noticed Paint's ghost (journeyman DrTm)
 15625 | D:11     | Reached skill level 5 in Fire Magic
 15761 | D:11     | Found Yrrof's General Store.
 15769 | D:11     | Bought a scroll of teleportation for 51 gold pieces
 15769 | D:11     | Bought a scroll of teleportation for 51 gold pieces
 15853 | D:11     | Identified the +9 hand axe of Truncation {holy, Stlth+}
 16461 | D:12     | Found Ziunk's Gadget Gallery.
 16703 | D:13     | Reached XP level 15. HP: 143/143 MP: 20/20
 16933 | D:13     | Reached skill level 10 in Shields
 17485 | D:14     | Reached skill level 5 in Conjurations
 17678 | D:14     | Reached skill level 14 in Unarmed Combat
 17780 | D:14     | Found a gate to the Vaults.
 18145 | D:15     | Entered Level 15 of the Dungeon
 18263 | Abyss:2  | Cast into level 2 of the Abyss (a wizard)
 18424 | Abyss:2  | Found a corrupted altar of Lugonu.
 18485 | Abyss:2  | Found a corrupted altar of Lugonu.
 18495 | D:15     | Escaped the Abyss
 19266 | D:15     | Found a staircase to the Depths.
 19274 | D:15     | Reached skill level 5 in Evocations
 19279 | D:15     | Learned a level 4 spell: Iskenderun's Mystic Blast
 19284 | D:15     | Learned a level 4 spell: Anguish
 19290 | D:15     | Learned a level 4 spell: Airstrike
 19358 | D:15     | Found Vosujew's Antique Armour Boutique.
 19561 | Orc:1    | Entered Level 1 of the Orcish Mines
 19658 | Orc:1    | Found Beopneh's Antique Armour Emporium.
 20057 | Orc:2    | Entered Level 2 of the Orcish Mines
 20110 | Orc:2    | Found a dark tunnel.
 20129 | Volcano  | Entered a volcano
 20758 | Orc:2    | Found the +10 tower shield of Ignorance {rN+ Int-4}
 20763 | Orc:2    | Found a runed translucent door.
 20763 | Orc:2    | Found Hituet's Magic Scroll Shop.
 20772 | Orc:2    | Reached XP level 16. HP: 153/153 MP: 21/21
 20830 | Orc:2    | Reached skill level 1 in Air Magic
 20940 | Orc:2    | Found Hunuw's Magic Scroll Boutique.
 20941 | Orc:2    | Found Nuocsyapt's Antique Armour Emporium.
 20951 | Orc:2    | Bought a scroll of blinking for 75 gold pieces
 20962 | Orc:2    | Bought a scroll of blinking for 112 gold pieces
 20964 | Orc:2    | Found Maxtyuk's Assorted Antiques.
 21057 | Orc:2    | Found a staircase to the Elven Halls.
 21085 | Orc:2    | Found a runed translucent door.
 21666 | Snake:1  | Entered Level 1 of the Snake Pit
 21681 | Snake:1  | Reached skill level 1 in Translocations
 21806 | Snake:1  | Reached skill level 15 in Unarmed Combat
 21871 | Snake:1  | Found Cabah's Book Boutique.
 21937 | Snake:1  | Noticed Nikola
 21952 | Snake:1  | Killed Nikola
 22178 | Snake:1  | Identified the +1 leather armour "Wefus" {rF+ rC+}
 22546 | Snake:2  | Reached skill level 5 in Spellcasting
 22928 | Snake:2  | Shot with an arrow by a naga sharpshooter

Illustrated notes

Levels and vault maps discovered:
D:1:      dpeg_arrival_court, layout_loops_cross
D:2:      layout_basic, dilly_ecumenical_altar_fadedgnrine,
          dreamdust_mushroom_princess, grunt_ministairs_1
D:3:      layout_loops_ring, uniq_natasha, uniq_robin
D:4:      layout_rooms, minmay_overflow_temple_star_quad, corexii_shack,
          kennysheep_small_square, uniq_crazy_yiuf_cottage
D:5:      layout_loops_ring, minmay_temple_entry_glassed_door, serial_glass,
          glass_columns_c, glass_columns_a, cheibrodos_gnoll_hut, uniq_duvessa
D:6:      layout_cave_pools
D:7:      layout_rooms, serial_shops, nicolae_square_shop,
          nicolae_nh_ransacked_shop
D:8:      layout_basic, kiku_gazebo_garden_becter, slow_altar_1,
          minmay_manual_moon
D:9:      minmay_cut_squares, layout_irregular_city, david_lair_generic,
          hangedman_decor_riveting, wad_woods_river_04
D:10:     layout_loops_ring, nemelex_diamond_rough_becter,
          mainiacjoe_overflow_cross_hatched, minmay_orc_entry_temple_small,
          uniq_amaemon, uniq_fannar, uniq_urug
D:11:     layout_stronghold, serial_shops, shop_statue,
          chequers_serial_rivers_room_a
D:12:     layout_big_octagon, nicolae_shop_gadgets
D:13:     layout_roguey, hangedman_glass_teeth, kennysheep_nub
D:14:     layout_roguey, erik_vaults_2
D:15:     gammafunk_enter_depths_forms, layout_gridville, serial_shops,
          shop_fountains, chequers_jeans, roderic_batcave
Temple:   eino_wide_crystal_templ
Lair:1:   dreamdust_labyrinth, layout_regular_city, ebering_ghost_inner_flame,
          beast_lair_carwin_9, grunt_megastairs_3
Lair:2:   layout_cave_pods, minmay_shoals_entry_centaurs,
          portal_ice_cave_demonic_guard, serial_bayou_lagoon_b,
          lemuel_fruit_tree
Lair:3:   layout_small_grid, minmay_snake_entry_six_corridors,
          chequers_serial_rivers_micro_c, kennysheep_rathole
Lair:4:   layout_regular_city, minivault_25, uniq_snorg, uniq_nessos
Lair:5:   minmay_lair_end_enchanted_forest, layout_small_grid,
          minmay_slime_entry_eyes, gammafunk_ghost_hydra_chop,
          grunt_megastairs_5
Snake:1:  layout_onion_interference, minmay_shop_star, grunt_megastairs_1,
          serial_bayou_shore_b, uniq_nikola
Snake:2:  layout_cave_shapes, basic_altar
Orc:1:    layout_diamond_mine, serial_shops, nicolae_shop_trees
Orc:2:    st_orc_open, layout_diamond_mine, nicolae_volcano_entry_lava_flow,
          chequers_guarded_unrand_ignorance

Skill      XL: |  1  2  3  4  5  6  7  8  9 10 11 12 13 14 15 16 |
---------------+-------------------------------------------------+-----
Shields        | 3 4 5 6 7 8 9 11 | 11.5
Fighting       | 3 4 5 6 8 9 |  9.3
Unarmed Combat | 3 5 6 7 8 9 10 11 12 13 14 15 | 15.2
Armour         | 1 2 3 4 5 6 7 |  7.6
Dodging        | 3 4 5 6 7 8 |  8.1
Spellcasting   | 1 2 3 4 5 |  5.0
Conjurations   | 1 2 3 4 5 |  5.8
Fire Magic     | 1 2 3 4 5 |  5.9
Throwing       | 1 2 4 5 6 7 |  7.5
Stealth        | 1 |  1.7
Invocations    | 1 2 3 4 5 6 |  6.4
Evocations     | 1 2 3 4 5 |  5.3
Air Magic      | 1 |  1.8
Translocations | 2 |  2.0

Action                     |  1- 3 |  4- 6 |  7- 9 | 10-12 | 13-15 | 16-18 || total
---------------------------+-------+-------+-------+-------+-------+-------++-------
  Melee: Unarmed           |   112 |   108 |   271 |   488 |  1062 |   238 ||  2279
  Throw: Stone             |       |     5 |    38 |    20 |    36 |    12 ||   111
         Dart              |       |       |     9 |    99 |    78 |       ||   186
         Large rock        |       |       |       |     5 |       |     1 ||     6
         Boomerang         |       |       |       |    14 |       |       ||    14
         Javelin           |       |       |       |       |    11 |     3 ||    14
 Invoke: Slouch            |       |       |       |       |     6 |     4 ||    10
  Evoke: Wand              |       |       |     6 |    10 |     1 |     2 ||    19
         Tin of tremorston |       |       |       |     3 |     4 |     2 ||     9
         Box of beasts     |       |       |       |       |       |     2 ||     2
         Phantom mirror    |       |       |       |       |       |     1 ||     1
    Use: Potion            |       |     1 |     3 |     3 |       |     3 ||    10
         Scroll            |       |       |    10 |     7 |    15 |     1 ||    33
   Stab: Sleeping          |       |       |     2 |     3 |       |       ||     5
         Distracted        |       |       |     1 |     2 |       |     1 ||     4
         Paralysed         |       |       |     5 |       |     6 |       ||    11
 Armour: Robe              |    33 |    11 |   101 |   136 |       |       ||   281
         Ice dragon scales |       |       |       |    78 |   466 |    87 ||   631
         Troll leather arm |       |       |       |       |    16 |     3 ||    19
  Dodge: Dodged            |    33 |    58 |   164 |   165 |   407 |   100 ||   927
  Block: Kite shield       |    33 |    35 |   160 |   148 |       |       ||   376
         Tower shield      |       |       |       |   210 |  1249 |   292 ||  1751

Table legend: (Time is in decaauts)
 A = Elapsed time spent in this place.
 B = Non-inter-level travel time spent in this place.
 C = Inter-level travel time spent in this place.
 D = Time resting spent in this place.
 E = Time spent auto-exploring this place.
 F = Levels seen in this place.
 G = Mean time per level.
                   A        B        C        D        E       F      G
               +--------+--------+--------+--------+--------+-----+--------+
         Total |  33571 |  30774 |   2797 |   1168 |  23379 |  28 | 1199.0 |
       Dungeon |  16840 |  15061 |   1779 |    647 |  11502 |  15 | 1122.7 |
        Temple |     52 |     45 |      7 |      0 |     32 |   1 |   52.0 |
          Lair |  10147 |   9494 |    653 |    171 |   7771 |   5 | 2029.4 |
     Snake Pit |   1855 |   1815 |     40 |    314 |   1176 |   2 |  927.5 |
  Orcish Mines |   3081 |   2765 |    316 |      0 |   2208 |   2 | 1540.5 |
         Abyss |    399 |    399 |      0 |      0 |    345 |   1 |  399.0 |
      Ice Cave |    815 |    815 |      0 |      0 |    230 |   1 |  815.0 |
       Volcano |    378 |    378 |      0 |     36 |    114 |   1 |  378.0 |
               +--------+--------+--------+--------+--------+-----+--------+

Top non-repeatable levels by time:
  Lair:5: 2551 daAuts
  Lair:1: 2049 daAuts
     D:9: 2044 daAuts
   Orc:2: 1993 daAuts
  Lair:4: 1907 daAuts
  Lair:3: 1866 daAuts
    D:15: 1785 daAuts
  Lair:2: 1774 daAuts
    D:11: 1766 daAuts
 Snake:1: 1743 daAuts
    D:14: 1455 daAuts
    D:13: 1269 daAuts
     D:8: 1247 daAuts
    D:10: 1173 daAuts
   Orc:1: 1088 daAuts
